 Dungeon Crawl Stone Soup version 0.30-a0-141-g30f27751c5 (webtiles) character file.

Game seed: 13553295354274947496

9075 qw the Cleaver (level 11, -6/71 HPs)
             Began as a Gargoyle Fighter on Sept 25, 2022.
             Was a High Priest of Okawaru.
             Mangled by a spectral orc warlord
             ... wielding a +0 great sword
             ... summoned by Nergalle
              (8 damage)
             ... on level 2 of the Lair of Beasts.
             The game lasted 00:05:04 (10325 turns).

qw the Cleaver (Gargoyle Fighter)                  Turns: 10325, Time: 00:05:05

Health: -6/71      AC: 33    Str: 23    XL:     11   Next: 40%
Magic:  16/16      EV: 12    Int: 10    God:    Okawaru [*****.]
Gold:   159        SH:  6    Dex:  9    Spells: 10/10 levels left

rFire   . . .      SeeInvis .    e - +4 hand axe (vamp)
rCold   . . .      Faith    .    c - +0 buckler
rNeg    + . .      Spirit   .    l - +2 plate armour
rPois   inf        Reflect  .    y - +2 helmet
rElec   +          Harm     .    (no cloak)
rCorr   .          Rampage  .    a - +2 pair of gloves {hurl}
Will    .....                    (no boots)
Stlth   ..........               (no amulet)
HPRegen 0.21/turn                s - +4 ring of evasion
MPRegen 0.15/turn                m - +4 ring of slaying {mikee}

@: about to teleport, heroic, marked
A: sickness immunity, AC +8, negative energy resistance 1, electricity
resistance, torment resistance 1, petrification resistance
a: Renounce Religion, Heroism, Finesse, Duel


You were on level 2 of the Lair of Beasts.
You worshipped Okawaru.
Okawaru was extremely pleased with you.
You visited 3 branches of the dungeon, and saw 11 of its levels.
You also visited: Sewer and Ossuary.

You collected 677 gold pieces.
You spent 518 gold pieces at shops.


Innate Abilities, Weirdness & Mutations

You are immune to sickness and miasma.
Your stone body is resilient. (AC +8)
You are immune to poison.
You resist negative energy. (rN+)
You are resistant to electric shocks. (rElec)
You are resistant to unholy torment.
You are immune to petrification.


   Skills:
 - Level 9.0(14.0) Fighting
 + Level 11.0(16.0) Axes
 - Level 1.5(6.5) Throwing
 - Level 8.1(13.1) Armour
 - Level 1.0(6.0) Dodging
 - Level 5.0(10.0) Shields
 + Level 7.4 Invocations


You had 10 spell levels left.
You didn't know any spells.
Your spell library was empty.

Inventory:

Hand Weapons
 e - a +4 vampiric hand axe (weapon)
 u - a +0 flail
 B - a +3 war axe
Armour
 a - a +2 pair of gloves of hurling (worn)
 c - a +0 buckler (worn)
 l - a +2 plate armour (worn)
 r - a +1 chain mail of cold resistance
 y - a +2 helmet (worn)
Jewellery
 m - a +4 ring of slaying (right hand) {mikee}
 s - a +4 ring of evasion (left hand)
 v - a ring of ice
Wands
 t - a wand of digging (5)
Scrolls
 i - a scroll of identify
 p - 4 scrolls of teleportation
 x - a scroll of brand weapon
Potions
 b - 4 potions of lignification
 d - a potion of might
 g - a potion of magic
 h - a potion of haste
 j - 4 potions of heal wounds
 k - 2 potions of attraction
 n - 4 potions of curing
 q - a potion of cancellation {unknown}
 z - a potion of degeneration {unknown}
 A - a potion of mutation {unknown}

Dungeon Overview and Level Annotations

Branches:
Dungeon (8/15)             Temple (1/1) D:4            Lair (2/5) D:8
  Sewer (visited)         Ossuary (visited)
  Swamp: Lair:2-3    Shoals: Lair:2-3     Snake: Lair:2-3    Spider: Lair:2-3

Altars:
Ashenzari
Cheibriados
Dithmenos
Fedhas
Gozag
Hepliaklqana
Kikubaaqudgha
Makhleb
Nemelex Xobeh
Okawaru
Qazlal
Ru
Sif Muna
Trog
Uskayaw
Vehumet
Wu Jian
Xom
Yredelemnul
Zin
The Shining One

Shops:
D:6 ?   D:7 *

Annotations:
Lair:2 Nergalle


Message History

You hit the spectral orc knight but do no damage.
You slash Nergalle!
You feel better.
You slash the spectral orc warrior!
You hit the spectral orc knight but do no damage.
You hit the spectral orc warlord but do no damage.
You hit the spectral orc warrior but do no damage.
The spectral orc warlord hits you with a +0 great sword.
The spectral orc warrior hits you from afar with a +0 glaive.
The spectral orc knight hits you with a +0 battleaxe!
Nergalle hits you with a +0 dagger.
Your life force feels restored.
Your base Armour skill increases to level 8!
You slash the spectral orc knight!
The spectral orc knight is severely damaged.
You hit the spectral orc warlord. You hit the spectral orc warrior.
You hit Nergalle but do no damage.
You hit the spectral orc warrior but do no damage.
You hit the spectral orc knight.
The spectral orc warrior barely misses you.
You block the spectral orc warrior's attack.
The spectral orc knight hits you with a +2 great mace!!
You hit the spectral orc knight.
The spectral orc knight is almost destroyed.
You slash the spectral orc warlord! You hit the spectral orc warrior.
You barely miss Nergalle.
You hit the spectral orc warrior but do no damage.
You hit the spectral orc knight but do no damage.
The spectral orc warrior barely misses you.
You block the spectral orc knight's attack.
The spectral orc warlord hits you with a +0 great sword!
Nergalle mutters something.
Nergalle hits you but does no damage.
The spectral orc knight hits you but does no damage.
The spectral orc warrior hits you with a +0 battleaxe.
The spectral orc warrior hits you with a +0 battleaxe!
10325 ||| READING 5 scrolls of teleportation.
As you read the scroll of teleportation, it crumbles to dust.
You feel strangely unstable.
The spectral orc warrior closely misses you.
The spectral orc warlord hits you with a +0 great sword!
You die...

...............
........$........
.................
.................
.................
.................
.........Z.......
........ZoZ......
.......[Z@)......
.........ZZ......
................. ....
................. .....
.................
..........>.............
..P#....................
........................
.........................


You could see Nergalle, 3 spectral orc warriors, 2 spectral orc knights and a
spectral orc warlord (summoned).

Vanquished Creatures
  A catoblepas (Lair:1)
  Harold (Lair:2)
  A two-headed ogre (D:8)
  Pikel (D:6)
  A black mamba (Lair:1)
  2 unseen horror zombies (D:8)
  A hornet (D:7)
  8 yaks
  A basilisk (Lair:2)
  Menkaure (D:6)
  2 water moccasins
  Duvessa (D:5)
  An ice beast (D:6)
  A hornet zombie (D:8)
  3 sky beasts
  4 black bears
  A centaur (D:6)
  4 lemures (D:6)
  Blork the orc (D:6)
  2 kobold brigands
  5 bullfrogs
  2 elf zombies (Ossuary)
  A gnoll sergeant (D:5)
  3 scorpions
  2 wyvern zombies (D:8)
  9 wights (D:8)
  Dowan (D:5)
  6 killer bees (D:8)
  2 howler monkeys (D:8)
  10 centaur zombies
  6 hounds
  3 orc priests
  A jelly (D:4)
  5 orc wizards
  Natasha (twice) (D:4)
  3 iguanas
  2 killer bee zombies (D:8)
  A hound zombie (Ossuary)
  3 mummies (Ossuary)
  2 howler monkey zombies (D:8)
  8 gnolls (D:5)
  11 adders
  A shadow imp (D:6)
  4 white imps
  3 adder zombies (Ossuary)
  A worm (D:3)
  19 orcs
  6 endoplasms
  6 giant cockroaches
  12 hobgoblins
  2 jackals (D:4)
  36 kobolds
  10 quokkas
  13 ball pythons
  3 bats
  10 frilled lizards
  3 gnoll zombies (Ossuary)
  4 goblins
  2 goblin zombies (Ossuary)
  3 hobgoblin zombies (Ossuary)
  A jackal zombie (Ossuary)
  8 kobold zombies (Ossuary)
  An orc zombie (Ossuary)
  5 quokka zombies (Ossuary)
  8 rats (D:3)
  4 rat zombies (Ossuary)
291 creatures vanquished.

Vanquished Creatures (others)
  52 plants
  8 withered plants (D:8)
60 creatures vanquished.

Grand Total: 351 creatures vanquished

Notes
Turn   | Place    | Note
-------+----------+-------------------------------------------
     0 | D:1      | qw the Gargoyle Fighter began the quest for the Orb.
     0 | D:1      | Reached XP level 1. HP: 14/14 MP: 1/1
     0 | D:1      | 0 ||| qw: Version: 0.2-a-10-g399e6c4
     0 | D:1      | 0 ||| qw: Game counter: 258
     0 | D:1      | 0 ||| qw: Always use a shield: true
     0 | D:1      | 0 ||| qw: God list: Okawaru
     0 | D:1      | 0 ||| qw: Allow faded altars: false
     0 | D:1      | 0 ||| qw: Do Orc after D:15 true
     0 | D:1      | 0 ||| qw: Do second Lair branch before Depths: true
     0 | D:1      | 0 ||| qw: Lair rune preference: random
     0 | D:1      | 0 ||| qw: Plans: Normal, Zot:1-4, God:TSO, Crypt, Tomb,
                  | Pan, Slime:5, Hells, Abyss, Orb
     0 | D:1      | 0 ||| PLANNING D:1-11
    39 | D:1      | Reached skill level 2 in Axes
    61 | D:1      | 61 ||| Stepping ~*~*~tactically~*~*~ (stealth).
    62 | D:1      | 62 ||| Stepping ~*~*~tactically~*~*~ (stealth).
    67 | D:1      | 67 ||| Stepping ~*~*~tactically~*~*~ (stealth).
    72 | D:1      | 72 ||| Stepping ~*~*~tactically~*~*~ (stealth).
    89 | D:1      | Reached XP level 2. HP: 10/19 MP: 2/2
   475 | D:1      | Found a faded altar of an unknown god.
   731 | D:1      | 731 ||| DROPPING orb of light.
   732 | D:1      | 732 ||| UPGRADING to +0 plate armour.
   742 | D:1      | 742 ||| DROPPING +0 scale mail.
   743 | D:1      | 743 ||| UPGRADING to amulet of guardian spirit.
   748 | D:1      | 748 ||| READING scroll labelled TUNEPO XEZALO.
   748 | D:1      | Identified a scroll of acquirement
   748 | D:1      | 748 ||| ACQUIRING +0 pair of gloves of hurling
   748 | D:1      | Acquired a +0 pair of gloves of hurling
   750 | D:1      | 750 ||| UPGRADING to +0 pair of gloves of hurling.
   755 | D:1      | 755 ||| READING scroll labelled OCATYOSTIV.
   756 | D:1      | 756 ||| READING scroll labelled ATULOSMOPIO.
   757 | D:1      | 757 ||| READING scroll labelled HEZ EDIPSO.
   758 | D:1      | 758 ||| READING 2 scrolls labelled XANGAK TI ZIP.
   759 | D:1      | 759 ||| READING scroll of enchant armour.
   759 | D:1      | 759 ||| ENCHANTING +0 pair of gloves of hurling.
   785 | D:2      | 785 ||| STAIRDANCE
   853 | D:2      | Reached skill level 3 in Axes
   918 | D:2      | Reached XP level 3. HP: 21/23 MP: 3/3
  1019 | D:2      | 1019 ||| Stepping ~*~*~tactically~*~*~ (stealth).
  1042 | D:2      | 1042 ||| Stepping ~*~*~tactically~*~*~ (stealth).
  1043 | D:2      | 1043 ||| Stepping ~*~*~tactically~*~*~ (stealth).
  1065 | D:2      | 1065 ||| Stepping ~*~*~tactically~*~*~ (stealth).
  1066 | D:2      | 1066 ||| Stepping ~*~*~tactically~*~*~ (stealth).
  1598 | D:2      | 1598 ||| READING scroll labelled LULEOCZOGG.
  1619 | D:3      | 1619 ||| PLANNING SEWER
  1786 | D:3      | Reached XP level 4. HP: 25/28 MP: 4/4
  1823 | D:3      | 1823 ||| DROPPING +0 club.
  1845 | D:3      | Found a hazy altar of Hepliaklqana.
  1846 | D:3      | Found a snail-covered altar of Cheibriados.
  1861 | D:3      | Found a blossoming altar of Fedhas.
  2031 | D:3      | Reached skill level 4 in Axes
  2251 | D:3      | 2251 ||| Stepping ~*~*~tactically~*~*~ (stealth).
  2283 | D:3      | Found a glowing drain.
  2288 | D:3      | 2288 ||| DROPPING scarf of shadows.
  2289 | D:3      | 2289 ||| READING scroll labelled NIOSIRH ZIDEYCACK.
  2290 | D:3      | 2290 ||| DRINKING 4 pink potions.
  2291 | D:3      | 2291 ||| DROPPING 3 potions of invisibility.
  2295 | Sewer    | Entered a sewer
  2366 | Sewer    | Reached XP level 5. HP: 32/32 MP: 5/5
  2485 | Sewer    | Reached skill level 5 in Axes
  2489 | Sewer    | Reached XP level 6. HP: 16/38 MP: 2/6
  2914 | D:3      | 2914 ||| PLANNING D:1-11
  3040 | D:4      | 3040 ||| SWAPPING to +2 vampiric hand axe.
  3107 | D:4      | 3107 ||| Stepping ~*~*~tactically~*~*~ (stealth).
  3108 | D:4      | 3108 ||| Stepping ~*~*~tactically~*~*~ (stealth).
  3213 | D:4      | Reached skill level 6 in Axes
  3297 | D:4      | Reached XP level 7. HP: 43/43 MP: 7/7
  3298 | D:4      | Found a staircase to the Ecumenical Temple.
  3299 | D:4      | 3299 ||| PLANNING TEMPLE
  3306 | Temple   | Entered the Ecumenical Temple
  3307 | Temple   | 3307 ||| PLANNING OKAWARU WORSHIP
  3464 | Temple   | Became a worshipper of Warmaster Okawaru
  3465 | Temple   | 3465 ||| PLANNING D:1-11
  3465 | Temple   | 3465 ||| REMOVING amulet of guardian spirit.
  3470 | Temple   | 3470 ||| DROPPING amulet of guardian spirit.
  3619 | D:4      | Found a shimmering blue altar of Sif Muna.
  3637 | D:4      | Noticed Natasha
  3644 | D:4      | Killed Natasha
  3735 | D:4      | 3735 ||| Stepping ~*~*~tactically~*~*~ (stealth).
  3844 | D:4      | 3844 ||| Stepping ~*~*~tactically~*~*~ (stealth).
  3845 | D:4      | 3845 ||| Stepping ~*~*~tactically~*~*~ (stealth).
  3862 | D:4      | 3862 ||| Stepping ~*~*~tactically~*~*~ (stealth).
  3863 | D:4      | 3863 ||| DROPPING +0 whip.
  3864 | D:4      | 3864 ||| Stepping ~*~*~tactically~*~*~ (stealth).
  3968 | D:4      | 3968 ||| Stepping ~*~*~tactically~*~*~ (stealth).
  3969 | D:4      | 3969 ||| Stepping ~*~*~tactically~*~*~ (stealth).
  3979 | D:4      | 3979 ||| Stepping ~*~*~tactically~*~*~ (stealth).
  3981 | D:4      | 3981 ||| Stepping ~*~*~tactically~*~*~ (stealth).
  4004 | D:4      | 4004 ||| Stepping ~*~*~tactically~*~*~ (stealth).
  4006 | D:4      | 4006 ||| Stepping ~*~*~tactically~*~*~ (stealth).
  4007 | D:4      | 4007 ||| Stepping ~*~*~tactically~*~*~ (stealth).
  4229 | D:4      | Noticed Natasha
  4241 | D:4      | Killed Natasha
  4242 | D:4      | Reached skill level 7 in Axes
  4542 | D:4      | 4542 ||| READING scroll of enchant armour.
  4542 | D:4      | 4542 ||| ENCHANTING +1 pair of gloves of hurling.
  4728 | D:4      | 4728 ||| UPGRADING to +4 ring of evasion.
  4729 | D:4      | 4729 ||| READING 3 scrolls labelled XOIGIN LOLI.
  4730 | D:4      | 4730 ||| READING scroll labelled FIODGH ZITHON.
  4731 | D:4      | 4731 ||| READING scroll labelled XABIGA SANEF.
  4732 | D:4      | 4732 ||| DRINKING 3 cyan potions.
  4733 | D:4      | 4733 ||| DRINKING 2 inky potions.
  4734 | D:4      | 4734 ||| DRINKING 2 red potions.
  4735 | D:4      | 4735 ||| DROPPING 2 scrolls of noise.
  4755 | D:5      | Entered Level 5 of the Dungeon
  4826 | D:5      | 4826 ||| Stepping ~*~*~tactically~*~*~ (stealth).
  4828 | D:5      | 4828 ||| Stepping ~*~*~tactically~*~*~ (stealth).
  4834 | D:5      | 4834 ||| Stepping ~*~*~tactically~*~*~ (stealth).
  4836 | D:5      | 4836 ||| Stepping ~*~*~tactically~*~*~ (stealth).
  4847 | D:5      | 4847 ||| Stepping ~*~*~tactically~*~*~ (stealth).
  4848 | D:5      | 4848 ||| Stepping ~*~*~tactically~*~*~ (stealth).
  4851 | D:5      | 4851 ||| DRINKING 2 potions of curing.
  4851 | D:5      | 4851 ||| (to cure confusion)
  4883 | D:5      | 4883 ||| Stepping ~*~*~tactically~*~*~ (hiding).
  4891 | D:5      | 4891 ||| Stepping ~*~*~tactically~*~*~ (stealth).
  4913 | D:5      | Reached skill level 1 in Dodging
  4923 | D:5      | Reached * piety under Okawaru
  4924 | D:5      | Reached XP level 8. HP: 38/49 MP: 8/8
  4934 | D:5      | 4934 ||| INVOKING Heroism.
  4937 | D:5      | Reached skill level 1 in Throwing
  4996 | D:5      | 4996 ||| DROPPING +2 whip of electrocution.
  5050 | D:5      | 5050 ||| Stepping ~*~*~tactically~*~*~ (hiding).
  5133 | D:5      | Noticed Dowan
  5134 | D:5      | 5134 ||| Stepping ~*~*~tactically~*~*~ (stealth).
  5135 | D:5      | 5135 ||| Stepping ~*~*~tactically~*~*~ (stealth).
  5136 | D:5      | 5136 ||| Stepping ~*~*~tactically~*~*~ (stealth).
  5148 | D:5      | Noticed Duvessa
  5171 | D:5      | Killed Dowan
  5175 | D:5      | Killed Duvessa
  5309 | D:5      | Reached skill level 1 in Invocations
  5498 | D:5      | 5498 ||| Stepping ~*~*~tactically~*~*~ (stealth).
  5545 | D:5      | 5545 ||| DRINKING potion of curing.
  5545 | D:5      | 5545 ||| (to cure confusion)
  5596 | D:5      | 5596 ||| INVOKING Heroism.
  5597 | D:5      | 5597 ||| INVOKING Heroism.
  5763 | D:6      | 5763 ||| PLANNING OSSUARY
  5805 | D:6      | 5805 ||| INVOKING Heroism.
  5810 | D:6      | Reached skill level 8 in Axes
  5840 | D:6      | Reached skill level 3 in Invocations
  5858 | D:6      | Noticed Blork the orc
  5859 | D:6      | 5859 ||| INVOKING Heroism.
  5871 | D:6      | Noticed Menkaure
  5878 | D:6      | Killed Blork the orc
  5886 | D:6      | Killed Menkaure
  5886 | D:6      | Reached ** piety under Okawaru
  5887 | D:6      | Reached skill level 6 in Fighting
  5887 | D:6      | Reached XP level 9. HP: 34/55 MP: 10/12
  5995 | D:6      | Noticed Pikel
  5996 | D:6      | 5996 ||| INVOKING Heroism.
  6013 | D:6      | 6013 ||| Stepping ~*~*~tactically~*~*~ (stealth).
  6014 | D:6      | 6014 ||| Stepping ~*~*~tactically~*~*~ (stealth).
  6033 | D:6      | 6033 ||| Stepping ~*~*~tactically~*~*~ (stealth).
  6038 | D:6      | 6038 ||| INVOKING Heroism.
  6054 | D:6      | Killed Pikel
  6055 | D:6      | Reached skill level 6 in Armour
  6115 | D:6      | 6115 ||| INVOKING Heroism.
  6202 | D:6      | Found Tadem's Magic Scroll Shoppe.
  6208 | D:6      | 6208 ||| INVOKING Heroism.
  6222 | D:6      | Reached skill level 9 in Axes
  6231 | D:6      | 6231 ||| BUYING scroll of brand weapon (123 gold).
  6231 | D:6      | Bought a scroll of brand weapon for 123 gold pieces
  6231 | D:6      | 6231 ||| BUYING scroll of enchant weapon (97 gold).
  6231 | D:6      | Bought a scroll of enchant weapon for 97 gold pieces
  6231 | D:6      | 6231 ||| BUYING scroll of enchant weapon (97 gold).
  6231 | D:6      | Bought a scroll of enchant weapon for 97 gold pieces
  6231 | D:6      | 6231 ||| BUYING scroll of identify (26 gold).
  6231 | D:6      | Bought a scroll of identify for 26 gold pieces
  6231 | D:6      | 6231 ||| BUYING scroll of teleportation (39 gold).
  6231 | D:6      | Bought a scroll of teleportation for 39 gold pieces
  6231 | D:6      | 6231 ||| READING 2 scrolls of enchant weapon.
  6231 | D:6      | 6231 ||| ENCHANTING +2 vampiric hand axe.
  6232 | D:6      | 6232 ||| READING scroll of enchant weapon.
  6232 | D:6      | 6232 ||| ENCHANTING +3 vampiric hand axe.
  6358 | D:6      | Found a sand-covered staircase.
  6359 | D:6      | 6359 ||| READING scroll labelled TONUVVIMUI.
  6360 | D:6      | 6360 ||| DRINKING 3 smoky orange potions.
  6388 | D:6      | 6388 ||| READING 2 scrolls of identify.
  6388 | D:6      | 6388 ||| IDENTIFYING sapphire potion
  6389 | D:6      | 6389 ||| DROPPING potion of brilliance.
  6395 | Ossuary  | Entered an ossuary
  6403 | Ossuary  | 6403 ||| Stepping ~*~*~tactically~*~*~ (stealth).
  6438 | Ossuary  | 6438 ||| Stepping ~*~*~tactically~*~*~ (stealth).
  6603 | Ossuary  | Reached *** piety under Okawaru
  6806 | Ossuary  | 6806 ||| READING scroll labelled DOSURAC HEANN.
  6877 | D:6      | 6877 ||| PLANNING D:1-11
  7152 | D:7      | Noticed a hornet
  7172 | D:7      | 7172 ||| INVOKING Heroism.
  7179 | D:7      | Killed a hornet
  7180 | D:7      | Reached XP level 10. HP: 42/63 MP: 10/13
  7495 | D:7      | 7495 ||| Stepping ~*~*~tactically~*~*~ (hiding).
  7632 | D:7      | 7632 ||| Stepping ~*~*~tactically~*~*~ (stealth).
  7637 | D:7      | 7637 ||| INVOKING Heroism.
  7678 | D:7      | Found Dusoav's General Store.
  7701 | D:7      | 7701 ||| BUYING potion of lignification (39 gold).
  7701 | D:7      | Bought a potion of lignification for 39 gold pieces
  7701 | D:7      | 7701 ||| BUYING scroll of enchant armour (97 gold).
  7701 | D:7      | Bought a scroll of enchant armour for 97 gold pieces
  7701 | D:7      | 7701 ||| SHOPLISTING scroll of identify (26 gold, have 14).
  7701 | D:7      | 7701 ||| READING scroll of enchant armour.
  7701 | D:7      | 7701 ||| ENCHANTING +0 plate armour.
  8007 | D:7      | 8007 ||| UPGRADING to ring of willpower.
  8008 | D:7      | 8008 ||| READING 4 scrolls of identify.
  8008 | D:7      | 8008 ||| IDENTIFYING fuming black potion
  8009 | D:7      | 8009 ||| READING 3 scrolls of identify.
  8009 | D:7      | 8009 ||| IDENTIFYING grey potion
  8010 | D:7      | 8010 ||| READING 2 scrolls of identify.
  8010 | D:7      | 8010 ||| IDENTIFYING fuming silvery potion
  8011 | D:7      | 8011 ||| DROPPING potion of ambrosia.
  8038 | D:8      | 8038 ||| INVOKING Heroism.
  8046 | D:8      | Reached skill level 10 in Axes
  8066 | D:8      | Noticed a two-headed ogre
  8067 | D:8      | 8067 ||| INVOKING Heroism.
  8083 | D:8      | Killed a two-headed ogre
  8135 | D:8      | 8135 ||| Stepping ~*~*~tactically~*~*~ (hiding).
  8142 | D:8      | 8142 ||| Stepping ~*~*~tactically~*~*~ (stealth).
  8150 | D:8      | 8150 ||| Stepping ~*~*~tactically~*~*~ (stealth).
  8151 | D:8      | 8151 ||| Stepping ~*~*~tactically~*~*~ (stealth).
  8152 | D:8      | 8152 ||| Stepping ~*~*~tactically~*~*~ (stealth).
  8155 | D:8      | 8155 ||| INVOKING Heroism.
  8186 | D:8      | 8186 ||| Stepping ~*~*~tactically~*~*~ (stealth).
  8187 | D:8      | 8187 ||| Stepping ~*~*~tactically~*~*~ (stealth).
  8190 | D:8      | 8190 ||| Stepping ~*~*~tactically~*~*~ (stealth).
  8311 | D:8      | 8311 ||| Stepping ~*~*~tactically~*~*~ (stealth).
  8322 | D:8      | 8322 ||| Stepping ~*~*~tactically~*~*~ (hiding).
  8423 | D:8      | 8423 ||| Stepping ~*~*~tactically~*~*~ (hiding).
  8578 | D:8      | Found a staircase to the Lair.
  8589 | D:8      | 8589 ||| Stepping ~*~*~tactically~*~*~ (stealth).
  8590 | D:8      | 8590 ||| Stepping ~*~*~tactically~*~*~ (stealth).
  8794 | D:8      | Reached **** piety under Okawaru
  8861 | D:8      | Reached skill level 11 in Axes
  9014 | D:8      | 9014 ||| INVOKING Heroism.
  9081 | D:8      | 9081 ||| INVOKING Heroism.
  9083 | D:8      | 9083 ||| Stepping ~*~*~tactically~*~*~ (stealth).
  9089 | D:8      | 9089 ||| Stepping ~*~*~tactically~*~*~ (stealth).
  9090 | D:8      | 9090 ||| Stepping ~*~*~tactically~*~*~ (stealth).
  9091 | D:8      | 9091 ||| Stepping ~*~*~tactically~*~*~ (stealth).
  9110 | D:8      | 9110 ||| INVOKING Heroism.
  9117 | D:8      | Reached XP level 11. HP: 67/69 MP: 11/15
  9187 | D:8      | 9187 ||| DROPPING +0 war axe.
  9294 | D:8      | 9294 ||| PLANNING LAIR
  9294 | D:8      | 9294 ||| UPGRADING to +2 helmet.
  9299 | D:8      | 9299 ||| UPGRADING to +4 ring of slaying {mikee}.
  9301 | D:8      | 9301 ||| DROPPING ring of willpower.
  9347 | Lair:1   | Entered Level 1 of the Lair of Beasts
  9384 | Lair:1   | Reached skill level 6 in Invocations
  9460 | Lair:1   | 9460 ||| READING scroll of enchant armour.
  9460 | Lair:1   | 9460 ||| ENCHANTING +1 plate armour.
  9648 | Lair:1   | 9648 ||| Stepping ~*~*~tactically~*~*~ (stealth).
  9670 | Lair:1   | Reached skill level 9 in Fighting
  9829 | Lair:1   | 9829 ||| INVOKING Heroism.
  9832 | Lair:1   | Reached ***** piety under Okawaru
  9953 | Lair:1   | Noticed a catoblepas
  9956 | Lair:1   | 9956 ||| INVOKING Heroism.
  9957 | Lair:1   | 9957 ||| INVOKING Finesse.
  9985 | Lair:1   | Killed a catoblepas
 10171 | Lair:1   | 10171 ||| READING 2 scrolls of identify.
 10171 | Lair:1   | 10171 ||| IDENTIFYING sedimented puce potion
 10172 | Lair:1   | 10172 ||| DROPPING potion of berserk rage.
 10265 | Lair:2   | 10265 ||| Stepping ~*~*~tactically~*~*~ (hiding).
 10305 | Lair:2   | Noticed Nergalle
 10305 | Lair:2   | Noticed Harold
 10306 | Lair:2   | 10306 ||| INVOKING Heroism.
 10307 | Lair:2   | Noticed a spectral orc warlord
 10322 | Lair:2   | Killed Harold
 10324 | Lair:2   | HP: 16/71 [spectral orc warrior/+0 battleaxe[Nergalle] (2)]
 10324 | Lair:2   | HP: 2/71 [spectral orc warrior/+0 battleaxe[Nergalle] (14)]
 10325 | Lair:2   | 10325 ||| READING 5 scrolls of teleportation.
 10325 | Lair:2   | Mangled by a spectral orc warlord

Levels and vault maps discovered:
D:1:      amcnicky_arrival_flooded_fountain, layout_basic,
          shapermc_ecumenical_altar_ellora
D:2:      layout_loops_ring
D:3:      layout_basic, general_overflow_altar,
          mainiacjoe_overflow_divided_tiny, portal_sewer_entry_e,
          roderic_roman_lattice, serial_bayou_pond_c, st_stairs_3
D:4:      kennysheep_kobold_camp, layout_layer_cave, lemuel_round_altar,
          temple_statues, uniq_natasha
D:5:      layout_loops_ring, uniq_duvessa
D:6:      layout_basic, serial_shops, shop, nicolae_ossuary_entry_plus,
          hangedman_abyss_or_decor_lesser_grid, uniq_blork_the_orc, uniq_pikel,
          uniq_menkaure
D:7:      layout_basic, serial_shops, shop_statue,
          chequers_serial_rivers_small_a
D:8:      layout_loops_ring, lair_entry_dummy, serial_undead, serial_undead_c,
          serial_undead_a, serial_undead_b, serial_undead_c, serial_undead_b,
          serial_undead_e, serial_undead_d, serial_undead_c, serial_undead_d,
          serial_undead_f
Temple:   nicolae_temple_bog_church
Lair:1:   layout_roguey
Lair:2:   layout_cave_shapes, minmay_swamp_entry_worms,
          cheibrodos_lair_caveside_slide, grunt_megastairs_1, uniq_nergalle,
          uniq_harold

Skill      XL: |  1  2  3  4  5  6  7  8  9 10 11 |
---------------+----------------------------------+-----
Axes           | 2 3 4 5 6 7 8 9 11 | 11.0
Fighting       | 4 5 6 7 8 9 |  9.0
Armour         | 4 6 7 8 |  8.1
Dodging        | 1 |  1.0
Throwing       | 1 |  1.5
Invocations    | 4 5 7 |  7.4
Shields        | 4 5 |  5.0

Action                   |  1- 3 |  4- 6 |  7- 9 | 10-12 || total
-------------------------+-------+-------+-------+-------++-------
Melee: War axe           |   110 |   104 |       |       ||   214
       Hand axe          |       |    32 |   577 |   363 ||   972
Throw: Boomerang         |       |    28 |    53 |       ||    81
Invok: Heroism           |       |       |     9 |    10 ||    19
       Finesse           |       |       |       |     1 ||     1
  Use: Scroll            |     7 |     1 |     9 |     7 ||    24
       Potion            |       |     1 |     6 |       ||     7
 Stab: Distracted        |     1 |       |       |       ||     1
       Invisible         |       |     1 |       |       ||     1
Armor: Scale mail        |    27 |       |       |       ||    27
       Plate armour      |    37 |   100 |   282 |   169 ||   588
Dodge: Dodged            |    32 |    29 |   198 |   125 ||   384
Block: Buckler           |    22 |    19 |    92 |    78 ||   211

Table legend:
 A = Non-vault XP
 B = Vault XP
 C = Vault XP percentage of total XP
 D = Non-vault monster count
 E = Vault monster count
 F = Vault count percentage of total count
                 A         B        C        D         E       F
            +---------+---------+-------+---------+---------+-------
      Total |    7896 |    5069 |  39.1 |     159 |     128 |  44.6
            +---------+---------+-------+---------+---------+-------
        D:1 |      25 |       0 |   0.0 |      16 |       0 |   0.0
        D:2 |      44 |       0 |   0.0 |      18 |       0 |   0.0
        D:3 |      33 |      15 |  31.2 |      16 |      10 |  38.5
        D:4 |     386 |     158 |  29.0 |      21 |      22 |  51.2
        D:5 |     688 |     199 |  22.4 |      28 |       2 |   6.7
        D:6 |    1276 |     923 |  42.0 |      16 |       3 |  15.8
        D:7 |     499 |       0 |   0.0 |      11 |       0 |   0.0
        D:8 |    2558 |    2070 |  44.7 |      25 |      23 |  47.9
     Lair:1 |    2191 |       0 |   0.0 |       7 |       0 |   0.0
     Lair:2 |     196 |     860 |  81.4 |       1 |       1 |  50.0
      Sewer |       0 |     292 | 100.0 |       0 |      26 | 100.0
    Ossuary |       0 |     552 | 100.0 |       0 |      41 | 100.0
            +---------+---------+-------+---------+---------+-------
